 Dungeon Crawl Stone Soup version 0.29.1-12-g30fa7ad0bf (webtiles) character file.

Game seed: 3477080788770619914

117 H0rd4k the Charlatan (level 5, 0/35 HPs)
             Began as an Octopode Artificer on Dec 20, 2022.
             Hit by a boomerang thrown by a goblin (4 damage)
             ... led by Robin
             ... on level 4 of the Dungeon on Dec 21, 2022.
             The game lasted 00:02:39 (4488 turns).

H0rd4k the Charlatan (Octopode Artificer)           Turns: 4488, Time: 00:02:40

Health: 0/35       AC:  1    Str: 11    XL:     5   Next: 1%
Magic:  8/8        EV: 13    Int: 16    God:
Gold:   186        SH:  0    Dex: 12    Spells: 8/8 levels left

rFire   . . .      SeeInvis .     - Unarmed
rCold   + . .      Faith    .   (no shield)
rNeg    . . .      Spirit   .   (helmet restricted)
rPois   .          Reflect  .   (no amulet)
rElec   .          Harm     .   j - ring of protection from cold
rCorr   .          Rampage  .   (no ring)
Will    .....                   (no ring)
Stlth   +++.......              (no ring)
HPRegen 0.11/turn               (no ring)
MPRegen 0.11/turn               (no ring)
                                (no ring)
                                (no ring)

@: hasted, very quick
A: almost no armour, amphibious, 8 rings, camouflage 1, gelatinous body 1,
(nimble swimmer 1), tentacles
a: no special abilities


You were on level 4 of the Dungeon.
You visited 2 branches of the dungeon, and saw 5 of its levels.

You collected 186 gold pieces.

Inventory:

Magical Staves
 u - a staff of air
Jewellery
 j - a ring of protection from cold (left tentacle)
Wands
 b - a wand of flame (15) (quivered)
 c - a wand of charming (13)
 d - a wand of iceblast (5)
Scrolls
 a - a scroll of teleportation {unknown}
 e - a scroll of fear {unknown}
 f - 3 scrolls of identify {unknown}
 i - 2 scrolls of torment {unknown}
 k - a scroll of immolation {unknown}
 o - a scroll of silence {unknown}
 p - a scroll of magic mapping {unknown}
 q - a scroll of enchant weapon {unknown}
 s - a scroll of enchant armour {unknown}
Potions
 g - 2 potions of haste
 h - a potion of resistance {unknown}
 l - a potion of lignification {unknown}
 m - 2 potions of heal wounds {unknown}
 n - 3 potions of curing {unknown}
 r - a potion of flight {unknown}
 t - 3 potions of invisibility {unknown}


   Skills:
 * Level 2.6 Fighting
 - Level 2.3 Dodging
 - Level 1.3 Stealth
 + Level 2.3 Unarmed Combat
 * Level 2.2 Spellcasting
 - Level 3.2 Evocations


You had 8 spell levels left.
You didn't know any spells.
Your spell library contained the following spells:

 Spells                   Type           Power      Damage    Failure   Level
 Ignite Poison            Fire/Tmut/Pois 1%         N/A       52%         3
 Mephitic Cloud           Conj/Pois/Air  1%         N/A       52%         3
 Freezing Cloud           Conj/Ice/Air   0%         6-21      99%         5


Dungeon Overview and Level Annotations

Branches:
Dungeon (4/15)             Temple (1/1) D:4

Altars:
Ashenzari
Hepliaklqana
Makhleb
Qazlal
Ru
Trog
Uskayaw
Wu Jian
Xom
Yredelemnul
The Shining One

Shops:
D:1 =

Annotations:
D:3 exclusion: downstairs
D:4 Robin


Innate Abilities, Weirdness & Mutations

You cannot wear most types of armour.
You are amphibious.
You can wear up to eight rings at the same time.
Your skin changes colour to match your surroundings (Stealth+).
Your rubbery body absorbs attacks. (AC +1, EV +1)
((You are camouflaged when in or above water. (Stealth+)))
You have tentacles for arms and can constrict up to eight enemies at once.


Message History

The quokka is moderately wounded.
You constrict the quokka, but do no damage.
The quokka closely misses you.
You barely miss the quokka.
The quokka is moderately wounded.
You constrict the quokka, but do no damage.
The quokka barely misses you.
You completely miss the quokka. Your squeeze misses the quokka.
The quokka is moderately wounded.
You constrict the quokka. The quokka closely misses you.
You tentacle-slap the quokka.
You kill the quokka!
The goblin hits you with a +0 dagger.
* * * LOW HITPOINT WARNING * * *
The goblin hits you with a +0 dagger.
* * * LOW HITPOINT WARNING * * *
The goblin attacks as you move away! The goblin closely misses you.
Aiming: Charm
Press: ? - help, Shift-Dir - straight line, f - goblin
Aim: a goblin, wielding a +0 dagger (chance to affect: 73%)
The goblin is charmed.
The goblin hits your goblin with a +0 club.
Unknown command.
What are your orders? t - Shout!
Orders for allies: a - Attack new target. p - Attack previous target. r - Retreat! s - Stop attacking. g - Guard the area. f - Follow me.
Anything else - Cancel.
Guard this area!
The goblin throws a boomerang.
The boomerang misses your goblin. The boomerang hits you.
* * * LOW HITPOINT WARNING * * *
Your goblin barely misses the goblin.
The goblin barely misses your goblin. The goblin barely misses your goblin.
Your goblin closely misses the goblin.
The goblin closely misses your goblin.
It was a potion of haste.
You feel yourself speed up. The goblin barely misses your goblin.
Your goblin barely misses the goblin.
The goblin throws a boomerang.
The boomerang misses your goblin. The boomerang hits you.
You die...

#.......######8...8#######..
#.##.......##........##.....
#.###.......................
#.# #####................###
#.# #######....####### #.#
#...## #.#### ### ##########
## #....# #.### ..... ##.
####.# #@gg#### #...# #..
#.# ###g...# #.#.# #..
#.###########.###†#.# #..
#...........#.#...#.###..
######......#...#.#......
#......#g..#...##'##
#.........##..##...#
#......##.##..#..#..
#.....g##g##..#.#.#.


You could see 2 goblins and a friendly goblin (charmed).

Vanquished Creatures
  3 adders
  2 worms
  A dart slug (D:2)
  6 endoplasms
  7 giant cockroaches
  5 goblins
  7 hobgoblins
  10 quokkas
  8 ball pythons
  5 bats
  A frilled lizard (D:1)
  5 kobolds
  3 rats
63 creatures vanquished.

Vanquished Creatures (collateral kills)
  A dart slug (D:4)
  6 goblins (D:4)
  A hobgoblin (D:4)
8 creatures vanquished.

Vanquished Creatures (others)
  7 plants
7 creatures vanquished.

Grand Total: 78 creatures vanquished

Notes
Turn   | Place    | Note
-------+----------+-------------------------------------------
     0 | D:1      | H0rd4k the Octopode Artificer began the quest for the Orb.
     0 | D:1      | Reached XP level 1. HP: 13/13 MP: 1/1
   457 | D:1      | Reached XP level 2. HP: 18/18 MP: 3/3
   492 | D:1      | Reached skill level 1 in Spellcasting
   720 | D:1      | Found Hamad's Jewellery Shop.
  1228 | D:1      | Found a faded altar of an unknown god.
  1591 | D:2      | Reached XP level 3. HP: 18/24 MP: 5/5
  1739 | D:2      | Found an ornate altar of the Wu Jian Council.
  2190 | D:2      | Identified the +0 leather armour of Reyttene {+Inv}
  2319 | D:2      | Reached skill level 1 in Unarmed Combat
  2917 | D:3      | Found a bloodstained altar of Trog.
  3406 | D:3      | Reached XP level 4. HP: 29/29 MP: 6/6
  3733 | D:4      | Found a staircase to the Ecumenical Temple.
  3825 | Temple   | Entered the Ecumenical Temple
  4029 | D:4      | Noticed Robin
  4349 | D:4      | Found a glowing golden altar of the Shining One.
  4473 | D:4      | Reached XP level 5. HP: 11/35 MP: 8/8
  4488 | D:4      | Hit by a boomerang thrown by a goblin

Illustrated notes

Levels and vault maps discovered:
D:1:      saegor_arrival_simple_e, layout_basic, serial_shops, shop_fountains,
          shapermc_ecumenical_altar_mp_ritualfount
D:2:      layout_loops_corners, basic_altar, st_stairs_11
D:3:      layout_loops_ring, mainiacjoe_overflow_boulevard, serial_rivers,
          chequers_serial_rivers_marsh, chequers_serial_rivers_room_a,
          chequers_serial_rivers_small_a, chequers_serial_rivers_room_a,
          chequers_serial_rivers_micro_a
D:4:      layout_rooms, nicolae_tso_carved_into_rock, jmf_multi_god_temple2,
          minmay_temple_entry_overgrown, minmay_box_of_dots, uniq_robin
Temple:   nicolae_temple_figure_zero

Skill      XL: |  1  2  3  4 |
---------------+-------------+-----
Spellcasting   | 1 2 |  2.2
Fighting       | 2 |  2.6
Unarmed Combat | 1 2 |  2.3
Dodging        | |  2.3
Stealth        | |  1.3
Evocations     | |  3.2

Action                   |  1- 3 |  4- 6 || total
-------------------------+-------+-------++-------
Melee: Unarmed           |   125 |    49 ||   174
       Constrict         |    34 |    12 ||    46
       Tentacles         |    28 |     7 ||    35
Evoke: Wand              |       |     2 ||     2
  Use: Potion            |       |     1 ||     1
 Stab: Sleeping          |    12 |     4 ||    16
Armor: Skin              |     7 |     5 ||    12
Dodge: Dodged            |    75 |    40 ||   115
